[Event "Titled Tuesday Blitz August 22 Late 2023"]
[White "rionelG"]
[Black "Turayev, Shahruh"]
[BlackFideId "14003856"]
[WhiteElo "2347"]
[BlackElo "2631"]
[Result "0-1"]
[Round "1"]
[TimeControl "180+1"]
[Date "2023.08.22"]
[WhiteClock "0:00:11"]
[BlackClock "0:00:41"]
[Board "137"]

1. e4 d5 2. exd5 Qxd5 3. Nc3 Qa5 4. d4 Nf6 5. Bc4 Nc6 6. d5 Nb4 7. Bd2 Qc5 8. Bb3 Nbxd5 9. Nxd5 Nxd5 10. Qf3 c6 11. O-O-O Be6 12. Nh3 h6 13. Kb1 g5 14. Be3 g4 15. Qxf7+ Bxf7 16. Bxc5 gxh3 17. gxh3 O-O-O 18. Rhe1 b6 19. Bxd5 Bxd5 20. Be3 Rg8 21. b3 Bf3 22. Rxd8+ Kxd8 23. Bf4 Rg6 24. Re3 Rg1+ 25. Kb2 Bg7+ 26. c3 Bh5 27. Bg3 Bf6 28. Rd3+ Ke8 29. Bf4 Bg6 30. Rg3 Rxg3 31. hxg3 h5 32. a4 Bf5 33. h4 e5 34. Be3 Kf7 35. Ka3 Ke6 36. c4 c5 37. a5 bxa5 38. Ka4 Bd8 39. Bxc5 Bb6 40. Bxb6 axb6 41. Kb5 Bc2 42. Kxb6 Bxb3 43. c5 a4 44. c6 Kd6 45. c7 Be6 46. f4 exf4 47. gxf4 a3 0-1


[Site "https://www.chess.com"]

[Event "Titled Tuesday Blitz August 22 Late 2023"]
[White "Jakubowski, Krzysztof"]
[Black "whiteglovethief"]
[WhiteFideId "1112848"]
[WhiteElo "2630"]
[BlackElo "2347"]
[Result "1-0"]
[Round "1"]
[TimeControl "180+1"]
[Date "2023.08.22"]
[WhiteClock "0:01:05"]
[BlackClock "0:00:19"]
[Board "138"]

1. e4 e6 2. d4 d5 3. Nc3 Bb4 4. e5 c5 5. a3 Bxc3+ 6. bxc3 Ne7 7. Nf3 Nbc6 8. h4 Qa5 9. Bd2 Bd7 10. Bd3 f6 11. exf6 gxf6 12. c4 Qc7 13. cxd5 Nxd5 14. dxc5 O-O-O 15. O-O e5 16. Rb1 Bg4 17. Be2 Rhg8 18. Ne1 Bf5 19. Bc4 Be4 20. f3 Nc3 21. Bxc3 Rxd1 22. Rxd1 Bxc2 23. Nxc2 Rd8 24. Ne3 Nd4 25. Rc1 Qxc5 26. Bb4 Qb6 27. Be7 Nc6 28. Bc5 Qb2 29. Rc2 1-0


[Site "https://www.chess.com"]

[Event "Titled Tuesday Blitz August 22 Late 2023"]
[White "Dubreuil, Julien"]
[Black "Hansen, Torbjorn Ringdal"]
[WhiteFideId "621285"]
[BlackFideId "1501720"]
[WhiteElo "2338"]
[BlackElo "2630"]
[Result "1/2-1/2"]
[Round "1"]
[TimeControl "180+1"]
[Date "2023.08.22"]
[WhiteClock "0:01:27"]
[BlackClock "0:00:26"]
[Board "139"]

1. e4 e5 2. Nf3 Nc6 3. Bb5 a6 4. Ba4 Nf6 5. O-O Bc5 6. d3 b5 7. Bb3 d6 8. Be3 O-O 9. Bxc5 dxc5 10. Nbd2 Qe7 11. Re1 Be6 12. Nf1 Rfd8 13. Qe2 Nd4 14. Nxd4 cxd4 15. Ng3 c5 16. Bxe6 fxe6 17. Rf1 Qd6 18. Nh5 Rf8 19. Nxf6+ Rxf6 20. f3 Rf7 21. Rf2 Rc8 22. Raf1 c4 23. g3 Qb4 24. b3 cxd3 25. cxd3 Qd6 26. f4 exf4 27. Rxf4 Rxf4 28. gxf4 Rc3 29. Rf3 Qc7 30. Rf2 Rc1+ 31. Kg2 Qf7 32. Qg4 Rc3 33. Rf3 Rc2+ 34. Rf2 Rc3 35. Rf3 a5 36. f5 exf5 37. exf5 Qf6 38. h4 Rc2+ 39. Kh3 Qe5 40. Qf4 Qxf4 41. Rxf4 Rxa2 42. Rxd4 a4 43. bxa4 bxa4 44. Rd7 a3 45. Ra7 Ra1 46. h5 h6 47. Kg2 a2 48. Kh2 Kf8 49. d4 Ke8 50. d5 Kd8 51. d6 Kc8 52. Kg2 Kd8 53. Kh2 Rd1 54. Rxa2 Rxd6 55. Rg2 Rd7 56. Rg6 Ke8 57. f6 gxf6 58. Rxf6 Rh7 59. Kg3 Ke7 60. Rg6 Kf7 61. Kg4 Rg7 62. Kf5 Rxg6 63. hxg6+ Kg7 64. Kg4 Kxg6 65. Kh4 h5 66. Kg3 h4+ 67. Kh3 Kf5 68. Kg2 h3+ 69. Kxh3 1/2-1/2


[Site "https://www.chess.com"]

[Event "Titled Tuesday Blitz August 22 Late 2023"]
[White "OPQRC"]
[Black "Martinez, Shawn"]
[BlackFideId "2039770"]
[WhiteElo "2629"]
[BlackElo "2337"]
[Result "1-0"]
[Round "1"]
[TimeControl "180+1"]
[Date "2023.08.22"]
[WhiteClock "0:00:08"]
[BlackClock "0:00:03"]
[Board "140"]

1. e4 c5 2. Nf3 e6 3. d4 cxd4 4. Nxd4 a6 5. c4 Qc7 6. Nc3 Nf6 7. Be2 b6 8. O-O Bb7 9. f3 d6 10. Be3 Be7 11. Rc1 O-O 12. Qe1 Nc6 13. Nd5 exd5 14. cxd5 Rad8 15. Nxc6 Rde8 16. Qf2 b5 17. Bb6 Qd7 18. Rc2 Nh5 19. Rfc1 Nf4 20. Bf1 Bg5 21. Na5 Nxd5 22. exd5 Bxc1 23. Rxc1 Bxd5 24. Nb3 Bxb3 25. axb3 Qe6 26. b4 Qb3 27. Qd4 Re6 28. Qc3 Qd5 29. Bf2 Rg6 30. Bd3 Rg5 31. Be4 Qe6 32. Qc6 h5 33. Qxa6 Qh3 34. f4 Rg4 35. Qxb5 Qb3 36. Qc4 Qxb2 37. Qc3 Qa2 38. g3 h4 39. Bf5 hxg3 40. hxg3 Rg6 41. Bxg6 fxg6 42. Qc4+ Qxc4 43. Rxc4 Rf5 44. Rd4 d5 45. Kg2 g5 46. Kf3 gxf4 47. gxf4 g5 48. Bg3 gxf4 49. Bxf4 Kf7 50. Kg4 Rf6 51. Rxd5 Rb6 52. b5 Ke6 53. Rh5 Kd7 54. Kf3 Re6 55. Rd5+ Kc8 56. Be5 Kb7 57. Ke4 Rh6 58. Kd4 Rh4+ 59. Kc5 Rh1 60. Rd7+ Ka8 61. Rg7 Rh5 62. Kb6 Rh6+ 63. Ka5 Rh5 64. Bd4 Rf5 65. Ka6 Rf8 66. Ra7+ Kb8 67. Be5+ Kc8 68. Ra8+ Kd7 69. Rxf8 Ke6 70. Ra8 1-0


[Site "https://www.chess.com"]

[Event "Titled Tuesday Blitz August 22 Late 2023"]
[White "Lacasa Diaz, Jose Antonio"]
[Black "Fiorito, Joaquin"]
[WhiteFideId "2203375"]
[BlackFideId "180173"]
[WhiteElo "2336"]
[BlackElo "2629"]
[Result "1/2-1/2"]
[Round "1"]
[TimeControl "180+1"]
[Date "2023.08.22"]
[WhiteClock "0:00:17"]
[BlackClock "0:00:23"]
[Board "141"]

1. e4 c5 2. Nf3 d6 3. d4 cxd4 4. Nxd4 Nf6 5. Nc3 a6 6. Be3 e5 7. Nb3 Be7 8. Qd2 Be6 9. O-O-O Ng4 10. g3 Nxe3 11. Qxe3 Nd7 12. f4 Rc8 13. Kb1 b5 14. f5 Bxb3 15. axb3 Qb6 16. Qf3 Nf6 17. g4 h6 18. h4 b4 19. Nd5 Nxd5 20. Rxd5 Rc5 21. Bc4 a5 22. g5 a4 23. g6 f6 24. Qd3 axb3 25. cxb3 Kd8 26. Rxc5 Qxc5 27. Rc1 Qd4 28. Qe2 Qb6 29. Be6 Bf8 30. Qc4 Qb7 31. Qc8+ Qxc8 32. Rxc8+ Ke7 33. h5 d5 34. Bxd5 Kd7 35. Ra8 Kc7 36. Kc2 Kd6 37. Kd3 Kc5 38. Rc8+ Kb6 39. Kc4 Ka6 40. Rb8 Ka7 41. Re8 Ka6 42. Be6 Kb6 43. Kd5 Kc7 44. Rc8+ Kb7 45. Re8 Kc7 46. Kc4 Kb6 47. Bd5 Ka6 48. Rb8 Ka7 49. Rb7+ Ka6 50. Rf7 Kb6 51. Kd3 Kc5 52. Rc7+ Kb6 53. Rc8 Kb5 54. Re8 Kb6 55. Be6 Kc5 56. Rd8 Kb6 57. Kc4 Kc6 58. Bd5+ Kc7 59. Re8 Kb6 60. Bf7 Kc6 61. Be6 Kb6 1/2-1/2


[Site "https://www.chess.com"]

[Event "Titled Tuesday Blitz August 22 Late 2023"]
[White "Garcia Blanco, Omar"]
[Black "Bullen, Alex"]
[WhiteFideId "2287153"]
[BlackFideId "1801627"]
[WhiteElo "2624"]
[BlackElo "2335"]
[Result "1-0"]
[Round "1"]
[TimeControl "180+1"]
[Date "2023.08.22"]
[WhiteClock "0:00:47"]
[BlackClock "0:00:00"]
[Board "142"]

1. e4 c6 2. d4 d5 3. exd5 cxd5 4. c4 Nf6 5. Nc3 e6 6. Nf3 Bb4 7. cxd5 Nxd5 8. Qc2 O-O 9. Bd3 h6 10. O-O Nc6 11. Re1 Be7 12. a3 Bf6 13. Be3 Qb6 14. Nxd5 exd5 15. Qa4 Bd7 16. h3 Rfd8 17. Qd1 Qxb2 18. Rb1 Qxa3 19. Rxb7 Rab8 20. Rxb8 Rxb8 21. Bf4 Re8 22. Ne5 Bxe5 23. dxe5 Qb4 24. Bg3 a5 25. Qe2 Nd4 26. Qd1 Ba4 27. Qa1 Nc2 28. Bxc2 Bxc2 29. Rc1 Be4 30. Rc7 Ra8 31. e6 Qb1+ 32. Qxb1 Bxb1 33. exf7+ Kh7 34. Bd6 a4 35. f8=Q Rxf8 36. Bxf8 Be4 37. Bxg7 1-0


[Site "https://www.chess.com"]

[Event "Titled Tuesday Blitz August 22 Late 2023"]
[White "Topalov, Aleksandar"]
[Black "Di Berardino, Diego Rafael"]
[WhiteFideId "925659"]
[BlackFideId "2105446"]
[WhiteElo "2334"]
[BlackElo "2620"]
[Result "0-1"]
[Round "1"]
[TimeControl "180+1"]
[Date "2023.08.22"]
[WhiteClock "0:00:00"]
[BlackClock "0:00:14"]
[Board "143"]

1. b3 c5 2. Bb2 d6 3. d4 cxd4 4. Qxd4 Nc6 5. Qd2 e5 6. c4 Nf6 7. Nc3 Be7 8. g3 O-O 9. Bg2 Be6 10. e3 Qa5 11. Nge2 Rfd8 12. Rd1 Rac8 13. O-O a6 14. Nd5 Qxd2 15. Nxe7+ Kf8 16. Rxd2 Kxe7 17. Nc3 Rb8 18. Rfd1 Nb4 19. Ba3 a5 20. Nb5 Ne8 21. f4 f6 22. Nc3 Nc7 23. fxe5 fxe5 24. Ne4 Ne8 25. Ng5 Bg4 26. Rf1 Nf6 27. Ne4 Be6 28. Ng5 Bg8 29. Ne4 h6 30. Nxf6 gxf6 31. Bxb4 axb4 32. Rdf2 Rf8 33. g4 Be6 34. h3 Rf7 35. Kh2 b6 36. Be4 Rg8 37. Rd2 Rg5 38. Rfd1 h5 0-1


[Site "https://www.chess.com"]

[Event "Titled Tuesday Blitz August 22 Late 2023"]
[White "Hilary46"]
[Black "Senft, Sean"]
[BlackFideId "2044960"]
[WhiteElo "2620"]
[BlackElo "2329"]
[Result "0-1"]
[Round "1"]
[TimeControl "180+1"]
[Date "2023.08.22"]
[WhiteClock "0:00:01"]
[BlackClock "0:00:11"]
[Board "144"]

1. e4 c5 2. Nf3 d6 3. d4 cxd4 4. Nxd4 Nf6 5. Nc3 a6 6. Bg5 e6 7. f4 Qb6 8. Qd2 Nc6 9. Nb3 Ng4 10. h3 Qe3+ 11. Qxe3 Nxe3 12. Kd2 Nxf1+ 13. Rhxf1 b5 14. Rad1 Bb7 15. Kc1 Rc8 16. a3 Be7 17. Bxe7 Kxe7 18. Nd4 Rc7 19. Nxc6+ Bxc6 20. g3 Rhc8 21. h4 a5 22. Rd4 e5 23. fxe5 dxe5 24. Rd2 b4 25. axb4 axb4 26. Nd5+ Bxd5 27. exd5 Rc5 28. g4 Rc4 29. Rg1 Rd8 30. h5 h6 31. g5 Rh4 32. gxh6 gxh6 33. b3 Rxh5 34. Rg4 Rb8 35. d6+ Kd7 36. Rc4 Rb7 37. Rc5 Rg5 38. Kb2 h5 39. Rc4 f5 40. Rd5 Ke6 41. Rcc5 f4 42. Rc7 Kxd5 43. Rxb7 Kxd6 44. c4 f3 45. Rf7 e4 46. Kc2 Rg2+ 47. Kd1 h4 48. Rf4 h3 49. Rxe4 h2 50. Rh4 Rg1+ 0-1


[Site "https://www.chess.com"]

[Event "Titled Tuesday Blitz August 22 Late 2023"]
[White "Davidson, Kevin"]
[Black "Sydoryka, Vladyslav"]
[WhiteFideId "2056810"]
[BlackFideId "14145928"]
[WhiteElo "2327"]
[BlackElo "2620"]
[Result "1-0"]
[Round "1"]
[TimeControl "180+1"]
[Date "2023.08.22"]
[WhiteClock "0:00:05"]
[BlackClock "0:00:41"]
[Board "145"]

1. e4 c6 2. d4 d5 3. e5 c5 4. dxc5 e6 5. a3 Bxc5 6. Qg4 g6 7. Nf3 h5 8. Qf4 Nh6 9. Bd3 Nc6 10. O-O Nf5 11. c4 dxc4 12. Bxc4 Ncd4 13. Nc3 Nxf3+ 14. Qxf3 O-O 15. Ne4 Qd4 16. Bd3 Qxe5 17. Bf4 Qg7 18. Nxc5 e5 19. Bg5 f6 20. Bd2 Nd4 21. Qd5+ Kh7 22. Bc3 Bg4 23. Bxd4 Rad8 24. Qxb7 Rxd4 25. Qxg7+ Kxg7 26. Ba6 Rd5 27. b4 Rd2 28. f3 Bf5 29. Rad1 Rb2 30. Rf2 Rxf2 31. Kxf2 h4 32. g4 hxg3+ 33. hxg3 Rh8 34. g4 Bc2 35. Rd7+ Kh6 36. Rxa7 Kg5 37. Ke3 Rh1 38. Ne6+ Kh4 39. Rh7+ Kg3 40. Rxh1 f5 41. Rh6 f4+ 42. Kd2 Bb1 43. Bb7 Kf2 44. Be4 Bxe4 45. fxe4 Kg2 46. Rxg6 f3 47. Rf6 f2 48. g5 f1=Q 49. Rxf1 Kxf1 50. g6 1-0


[Site "https://www.chess.com"]

[Event "Titled Tuesday Blitz August 22 Late 2023"]
[White "Omelja, Artem"]
[Black "kiwibobo"]
[WhiteFideId "14119846"]
[WhiteElo "2618"]
[BlackElo "2327"]
[Result "1-0"]
[Round "1"]
[TimeControl "180+1"]
[Date "2023.08.22"]
[WhiteClock "0:01:17"]
[BlackClock "0:00:43"]
[Board "146"]

1. d4 Nf6 2. c4 g6 3. Nc3 d5 4. Bg5 Ne4 5. Bh4 Nxc3 6. bxc3 dxc4 7. e3 Be6 8. Nh3 Bg7 9. Nf4 Bc8 10. Bxc4 O-O 11. O-O Nc6 12. Rb1 b6 13. Qf3 Bb7 14. Bd5 Qd6 15. Bxe7 Nxe7 16. Bxb7 Rad8 17. Ba6 Qa3 18. Qe2 Qxc3 19. Rfc1 Qa3 20. Rxc7 Qd6 21. Rbc1 Nd5 22. Nxd5 Qxd5 23. Rxa7 Qxa2 24. Qxa2 1-0


[Site "https://www.chess.com"]

[Event "Titled Tuesday Blitz August 22 Late 2023"]
[White "Lopez Del Alamo, Antonio"]
[Black "Kim, Sergey"]
[WhiteFideId "2227339"]
[BlackFideId "13700570"]
[WhiteElo "2327"]
[BlackElo "2615"]
[Result "0-1"]
[Round "1"]
[TimeControl "180+1"]
[Date "2023.08.22"]
[WhiteClock "0:01:00"]
[BlackClock "0:00:41"]
[Board "147"]

1. e4 e5 2. Bc4 Nf6 3. d3 Bc5 4. Nc3 Nc6 5. f4 d6 6. Nf3 Bg4 7. Bb5 O-O 8. Bxc6 bxc6 9. fxe5 dxe5 10. Qe2 Qd6 11. Nd1 Nh5 12. Be3 Nf4 13. Bxf4 exf4 14. Nf2 Bxf3 15. gxf3 Be3 16. O-O a5 17. Kh1 f5 18. a4 Qc5 19. c3 Rab8 20. Rab1 Rfe8 21. d4 Qd6 22. Qc4+ Kh8 23. e5 Qd5 24. Qxd5 cxd5 25. Nd3 Rb6 26. Nc5 h6 27. Rfd1 Kh7 28. Rd3 g5 29. Kg2 Reb8 30. b3 Kg6 31. Nd7 Rxb3 32. Rbd1 Rb2+ 33. Kh1 R8b3 34. e6 Re2 35. c4 Rbb2 36. Rxe3 fxe3 37. cxd5 Rxh2+ 38. Kg1 Rbg2+ 39. Kf1 e2+ 40. Ke1 Rh1+ 41. Kd2 exd1=Q+ 42. Kc3 Rc2+ 43. Kb3 Qb1+ 44. Ka3 Ra2# 0-1


[Site "https://www.chess.com"]

[Event "Titled Tuesday Blitz August 22 Late 2023"]
[White "Hamitevici, Vladimir"]
[Black "Acikel, Mert"]
[WhiteFideId "13902393"]
[BlackFideId "12956465"]
[WhiteElo "2613"]
[BlackElo "2317"]
[Result "1/2-1/2"]
[Round "1"]
[TimeControl "180+1"]
[Date "2023.08.22"]
[WhiteClock "0:00:17"]
[BlackClock "0:00:14"]
[Board "148"]

1. e4 c6 2. d4 d5 3. f3 dxe4 4. fxe4 e5 5. Nf3 Bg4 6. c3 Nd7 7. Bc4 Ngf6 8. O-O Bd6 9. Bg5 Qc7 10. h3 Bh5 11. Nbd2 O-O 12. a4 h6 13. Bxf6 Nxf6 14. Qe1 Bg6 15. Nh4 Bh7 16. Nf5 Bxf5 17. Rxf5 Rae8 18. Rxf6 gxf6 19. Qh4 exd4 20. Qxh6 Bh2+ 21. Kh1 Qf4 22. Qg6+ Kh8 23. Qh5+ Kg7 24. Rf1 Qxd2 25. Kxh2 Qg5 26. Qe2 dxc3 27. bxc3 Qe5+ 28. Kh1 Qxe4 29. Qa2 Re5 30. Rf3 Rg5 31. Bf1 Re8 32. Qf2 Re6 33. Qxa7 Rf5 34. Rg3+ Rg5 35. Rf3 Rf5 36. Rg3+ Rg5 37. Rf3 1/2-1/2


[Site "https://www.chess.com"]

[Event "Titled Tuesday Blitz August 22 Late 2023"]
[White "Peatman, Carter"]
[Black "Jeet, Jain"]
[WhiteFideId "2096480"]
[BlackFideId "5073022"]
[WhiteElo "2316"]
[BlackElo "2612"]
[Result "1-0"]
[Round "1"]
[TimeControl "180+1"]
[Date "2023.08.22"]
[WhiteClock "0:01:32"]
[BlackClock "0:01:50"]
[Board "149"]

1. d4 c5 2. dxc5 e6 3. Nc3 Bxc5 4. Ne4 Be7 5. Nd6+ Kf8 6. e4 Bxd6 7. Qxd6+ Qe7 8. Bf4 Nc6 9. Nf3 Nf6 10. Bd3 Nh5 11. O-O-O Nxf4 12. Qxf4 h6 13. e5 Nb4 14. Kb1 Nd5 15. Qe4 a5 16. Nd4 a4 17. a3 Qc5 18. Nb5 g6 19. Nd6 Kg7 20. h4 f5 21. exf6+ Nxf6 22. Qxg6+ 1-0


[Site "https://www.chess.com"]

[Event "Titled Tuesday Blitz August 22 Late 2023"]
[White "Veiga, Jose Francisco R P Neves"]
[Black "Stanisz, Patryk"]
[WhiteFideId "1930087"]
[BlackFideId "1123106"]
[WhiteElo "2612"]
[BlackElo "2316"]
[Result "0-1"]
[Round "1"]
[TimeControl "180+1"]
[Date "2023.08.22"]
[WhiteClock "0:01:03"]
[BlackClock "0:00:51"]
[Board "150"]

1. d4 d5 2. Nf3 Nf6 3. g3 c6 4. Bg2 Bf5 5. O-O e6 6. b3 h6 7. Bb2 Nbd7 8. c4 Be7 9. Nbd2 Ne4 10. Ne1 Nxd2 11. Qxd2 O-O 12. Nd3 Re8 13. Rfe1 a6 14. e4 dxe4 15. Bxe4 Bxe4 16. Rxe4 Bf6 17. Rae1 Qc7 18. h4 Red8 19. Kg2 c5 20. Qe2 cxd4 21. Bxd4 Bxd4 22. Rxd4 Nf6 23. Rf4 Qc6+ 24. Kg1 Qd6 25. Ne5 Qd2 26. Kg2 Qxe2 27. Rxe2 Rd1 28. g4 Rf8 29. g5 Nh5 30. Rf3 f6 31. Ng6 Re8 32. gxh6 gxh6 33. Nf4 Nxf4+ 34. Rxf4 Kf7 35. Rg4 e5 36. f4 exf4 37. Rxf4 Rxe2+ 0-1


[Site "https://www.chess.com"]

[Event "Titled Tuesday Blitz August 22 Late 2023"]
[White "Alfaro, William"]
[Black "Zarubitski, Viachaslau"]
[WhiteFideId "6100457"]
[BlackFideId "13509373"]
[WhiteElo "2313"]
[BlackElo "2611"]
[Result "0-1"]
[Round "1"]
[TimeControl "180+1"]
[Date "2023.08.22"]
[WhiteClock "0:00:00"]
[BlackClock "0:02:18"]
[Board "151"]

1. e4 d6 2. d4 Nf6 3. f3 e5 4. dxe5 dxe5 5. Qxd8+ Kxd8 6. Bc4 Ke8 7. Nc3 c6 8. Be3 Bb4 9. Ne2 Nbd7 10. O-O b5 11. Bb3 Bc5 12. Bxc5 Nxc5 13. Rfd1 Ke7 14. Ng3 a5 15. a4 b4 16. Nb1 Nxb3 17. cxb3 g6 18. Nd2 Be6 19. Nc4 Bxc4 20. bxc4 Rhd8 21. Ne2 Nd7 22. Nc1 Nc5 23. Rxd8 Rxd8 24. b3 Rd1+ 25. Kf2 Nd3+ 26. Ke2 Rxc1 0-1


[Site "https://www.chess.com"]

[Event "Titled Tuesday Blitz August 22 Late 2023"]
[White "Papayan, Oleg"]
[Black "Sala, Giulia"]
[WhiteFideId "4193911"]
[BlackFideId "2840451"]
[WhiteElo "2609"]
[BlackElo "2311"]
[Result "1-0"]
[Round "1"]
[TimeControl "180+1"]
[Date "2023.08.22"]
[WhiteClock "0:01:45"]
[BlackClock "0:00:19"]
[Board "152"]

1. e4 c5 2. Nf3 Nc6 3. Bb5 g6 4. O-O Bg7 5. c3 a6 6. Bc4 e6 7. d4 cxd4 8. cxd4 d5 9. exd5 exd5 10. Re1+ Nge7 11. Bb3 O-O 12. Bg5 Be6 13. Nc3 Qd6 14. Qd2 Nf5 15. Bf4 Qd8 16. Be5 Nxe5 17. Nxe5 Rc8 18. Rac1 Qa5 19. h3 Rfd8 20. Qf4 Qb4 21. Rcd1 Qd6 22. Na4 b6 23. Nc3 b5 24. Qd2 Qb6 25. Nf3 a5 26. Ne2 a4 27. Bc2 Nd6 28. b3 axb3 29. axb3 b4 30. Nf4 Bf5 31. Nxd5 Rxc2 32. Nxb6 Rxd2 33. Rxd2 Ne4 34. Rde2 Nd6 35. Nd5 Be6 36. Nxb4 Bxb3 37. Nc6 Ra8 38. d5 Bf6 39. Ne7+ Bxe7 40. Rxe7 Bxd5 41. Rd7 Bxf3 42. Rxd6 Bb7 43. Re7 Ra1+ 44. Kh2 Rb1 45. Rd8+ Kg7 46. Rdd7 Bc6 47. Rxf7+ Kg8 48. Rg7+ Kf8 49. Rdf7+ Ke8 50. Re7+ Kf8 51. Rxh7 Rb2 52. Ref7+ Kg8 53. Rhg7+ Kh8 54. Rxg6 Be8 55. Rf8+ Kh7 56. Rg3 Bg6 57. Rf4 Rb3 58. Re3 Rb7 59. Rg3 Re7 60. Rh4+ Kg7 61. Rhg4 Re6 62. h4 Kh6 63. Rxg6+ Rxg6 64. Rxg6+ Kxg6 65. g4 Kf6 66. f4 1-0


[Site "https://www.chess.com"]

[Event "Titled Tuesday Blitz August 22 Late 2023"]
[White "Cruz, William Ferreira Da"]
[Black "Thomforde-Toates, Noah"]
[WhiteFideId "2118050"]
[BlackFideId "30951992"]
[WhiteElo "2308"]
[BlackElo "2608"]
[Result "0-1"]
[Round "1"]
[TimeControl "180+1"]
[Date "2023.08.22"]
[WhiteClock "0:00:23"]
[BlackClock "0:01:27"]
[Board "153"]

1. d4 Nf6 2. c4 g6 3. Nc3 Bg7 4. e4 d6 5. Nf3 O-O 6. Be2 e5 7. O-O exd4 8. Nxd4 Re8 9. f3 c6 10. Nc2 Na6 11. Be3 d5 12. cxd5 cxd5 13. Bxa6 bxa6 14. Nxd5 Nxd5 15. Qxd5 Qxd5 16. exd5 Bf5 17. Rf2 Bxc2 18. Rxc2 Rxe3 19. Rd2 Rd8 20. d6 Rd7 21. Rc1 Bf8 22. Rc6 Re6 23. Rxa6 Rexd6 24. Rdxd6 Bxd6 25. Kf1 Bc5 26. Ke2 Bb6 27. Ra4 Re7+ 28. Kd2 Kg7 29. Rc4 Rd7+ 30. Ke2 Kf6 31. b4 Rd4 32. Rc6+ Ke5 33. a3 Rd6 34. Rc4 Kd5 35. Rh4 Re6+ 36. Kd2 h5 37. g4 Be3+ 38. Kc2 Bg5 39. Rh3 h4 40. a4 Re2+ 41. Kb3 Ke5 42. b5 Kf4 43. a5 Bd8 44. b6 axb6 45. a6 Re3+ 46. Ka2 Be7 47. Rxh4 Bxh4 0-1


[Site "https://www.chess.com"]

[Event "Titled Tuesday Blitz August 22 Late 2023"]
[White "Saif, Malek"]
[Black "Nery Junior, Jose Antonio"]
[WhiteFideId "8104220"]
[BlackFideId "2104822"]
[WhiteElo "2608"]
[BlackElo "2306"]
[Result "1-0"]
[Round "1"]
[TimeControl "180+1"]
[Date "2023.08.22"]
[WhiteClock "0:00:17"]
[BlackClock "0:00:21"]
[Board "154"]

1. e4 c5 2. Nf3 d6 3. d4 cxd4 4. Nxd4 Nf6 5. Nc3 a6 6. Be2 e6 7. O-O Qc7 8. Be3 Nbd7 9. Nb3 b5 10. a3 Bb7 11. f3 d5 12. exd5 Nxd5 13. Nxd5 Bxd5 14. Nd2 Bd6 15. f4 Nf6 16. Bd3 O-O 17. Qe2 Rfd8 18. Rae1 Rac8 19. h3 Bc5 20. Qf2 Bxe3 21. Rxe3 Bc4 22. Bxc4 bxc4 23. Ne4 Nd5 24. Rg3 Rb8 25. b3 cxb3 26. cxb3 Ne7 27. Nf6+ Kh8 28. Nh5 Nf5 29. Rf3 Nd4 30. Rd3 Nxb3 31. Rg3 Rg8 32. Kh1 Na5 33. f5 exf5 34. Qxf5 Rb5 35. Qg4 Qe5 36. Nf4 Qf5 37. Qh4 Qc2 38. Nh5 Nc6 39. Rxf7 Nd8 40. Rfxg7 Qc1+ 41. Kh2 Rxg7 42. Qxd8+ 1-0


[Site "https://www.chess.com"]

[Event "Titled Tuesday Blitz August 22 Late 2023"]
[White "Gerbelli Neto, Eduardo"]
[Black "Gunduz, Umut Erdem"]
[WhiteFideId "2103281"]
[BlackFideId "6381383"]
[WhiteElo "2304"]
[BlackElo "2608"]
[Result "0-1"]
[Round "1"]
[TimeControl "180+1"]
[Date "2023.08.22"]
[WhiteClock "0:00:08"]
[BlackClock "0:00:06"]
[Board "155"]

1. e4 e5 2. Nf3 Nc6 3. d4 exd4 4. Bc4 Bc5 5. c3 Nf6 6. cxd4 Bb4+ 7. Nc3 Nxe4 8. O-O Bxc3 9. d5 Bf6 10. Re1 Ne7 11. Rxe4 d6 12. Bg5 Bxg5 13. Nxg5 O-O 14. Nxh7 Re8 15. Qh5 Bf5 16. Rh4 Ng6 17. Ng5 Qf6 18. Qh7+ Kf8 19. Rh5 Re5 20. f4 Nxf4 21. Qh8+ Ke7 22. Qxa8 Nxh5 23. Nf3 Re4 24. Bd3 Nf4 25. Bxe4 Qxb2 26. Ne1 Qxa1 27. Kf1 Bxe4 28. Qxb7 Bxg2+ 29. Kf2 Qd4+ 30. Kg3 Qe3+ 31. Kg4 Bh3+ 32. Kg5 f6+ 33. Kh4 g5# 0-1


[Site "https://www.chess.com"]

[Event "Titled Tuesday Blitz August 22 Late 2023"]
[White "Altman, Joshua"]
[Black "Fominykh, Maria"]
[WhiteFideId "426210"]
[BlackFideId "4142411"]
[WhiteElo "2607"]
[BlackElo "2302"]
[Result "1-0"]
[Round "1"]
[TimeControl "180+1"]
[Date "2023.08.22"]
[WhiteClock "0:00:09"]
[BlackClock "0:00:00"]
[Board "156"]

1. d4 Nf6 2. c4 g6 3. Nc3 Bg7 4. Nf3 d6 5. Bg5 h6 6. Bh4 O-O 7. e3 c5 8. d5 e6 9. Nd2 exd5 10. cxd5 a6 11. a4 Re8 12. Be2 Nbd7 13. O-O b6 14. Bg3 Bf8 15. Nc4 Ne5 16. Nxe5 dxe5 17. e4 Bd6 18. h3 Bd7 19. Qd2 Kh7 20. Bd3 Nh5 21. Bh2 Qg5 22. Qxg5 hxg5 23. Be2 Nf4 24. Bxf4 exf4 25. Rfe1 Be5 26. Bf3 b5 27. axb5 axb5 28. Rxa8 Rxa8 29. d6 b4 30. Nd5 Bxb2 31. e5 Ra7 32. Nf6+ Kg7 33. Bg4 Ba4 34. d7 Ra8 35. Ne8+ Kf8 36. Nc7 Rd8 37. e6 Bf6 38. Nd5 Be7 39. exf7 Bd6 40. Re8+ Rxe8 41. fxe8=Q+ Kg7 42. d8=Q Bxe8 43. Qxe8 1-0


[Site "https://www.chess.com"]

[Event "Titled Tuesday Blitz August 22 Late 2023"]
[White "Vaglio Munoz, Jaime"]
[Black "Atanasov, Anthony"]
[WhiteFideId "6500145"]
[BlackFideId "2623897"]
[WhiteElo "2300"]
[BlackElo "2605"]
[Result "0-1"]
[Round "1"]
[TimeControl "180+1"]
[Date "2023.08.22"]
[WhiteClock "0:00:13"]
[BlackClock "0:00:02"]
[Board "157"]

1. Nf3 d5 2. c4 d4 3. e3 Nc6 4. b4 dxe3 5. fxe3 Nxb4 6. Qb3 e6 7. d4 Nc6 8. Bd3 Nf6 9. O-O Be7 10. Bb2 O-O 11. Nbd2 b6 12. Rae1 Bb7 13. e4 Na5 14. Qc2 h6 15. e5 Nd7 16. Ne4 c5 17. Ng3 Bxf3 18. Rxf3 cxd4 19. Qe2 Nc6 20. Qe4 f5 21. exf6 Rxf6 22. Qxc6 Rc8 23. Qe4 Rxf3 24. Qxe6+ Rf7 25. Bg6 Bf6 26. Qxf7+ Kh8 27. Nh5 Ne5 28. Rxe5 Bxe5 29. Qf5 Bxh2+ 30. Kxh2 Qh4+ 31. Kg1 Qe1+ 32. Qf1 Qxf1+ 33. Kxf1 Rxc4 34. Nf4 Rb4 35. Nd3 Ra4 36. a3 Kg8 37. Be4 Kf8 38. Ke2 a5 39. Bd5 b5 40. Bc6 Rc4 41. Bxb5 Rc2+ 42. Kf3 g5 43. Bxd4 h5 44. a4 g4+ 45. Kg3 h4+ 46. Kxg4 Rxg2+ 47. Kxh4 Rg6 48. Ne5 Rg2 49. Bb6 Ke7 50. Nc6+ Kd6 51. Nxa5 Rg7 52. Nc4+ Kd5 53. Ne3+ Ke4 54. Bc6+ Kf4 55. Nd5+ Kf5 56. a5 Rg4+ 57. Kh3 Rg6 58. Ne3+ Kf4 59. Ng2+ Ke5 60. Bf3 Rh6+ 61. Kg3 Rg6+ 62. Kf2 Rh6 63. Ke3 Re6 64. Nf4 Re8 65. Bc7+ Kf5+ 66. Kf2 Rc8 67. Bb6 Kxf4 68. a6 Rc2+ 69. Be2 Ra2 70. a7 Ke4 71. Ke1 Ra1+ 72. Kd2 Ra2+ 73. Kd1 Ra1+ 74. Kd2 Ra2+ 75. Ke1 Ra1+ 76. Kf2 Ra2 77. Bc5 Kd5 78. Be3 Kc6 79. Kf3 Kb7 80. Bd3 Rxa7 81. Be4+ Kb8 82. Bf4+ Kc8 83. Bf5+ Kd8 84. Be5 Ke7 85. Kf4 Ra4+ 86. Kg5 Ra5 87. Bf6+ Kf7 88. Bc3 Rc5 89. Bb4 Rb5 90. Bc3 Rb3 91. Bg6+ Ke6 92. Bf5+ Kd5 93. Bf6 Rf3 94. Bg4 Rf2 95. Bg7 Ke4 96. Bf8 Rxf8 97. Bh5 Rf5+ 98. Kg4 Rf6 99. Kg5 Ke5 100. Bg6 Rf2 101. Bb1 Rg2+ 102. Kh4 Kf4 103. Kh3 Rg1 104. Kh2 Rxb1 105. Kg2 Rb3 106. Kf2 Rb2+ 107. Ke1 Ke3 108. Kd1 Re2 109. Kc1 Rd2 110. Kb1 Kd3 111. Ka1 Kc3 112. Kb1 Rd8 113. Kc1 Rc8 114. Kb1 Ra8 115. Kc1 Ra1# 0-1


[Site "https://www.chess.com"]